 Dungeon Crawl Stone Soup version 0.29-a0-22-gbf593b16ee (webtiles) character file.

Game seed: 14002508632382865187

165 frimble the Cutter (level 5, -6/38 HPs)
             Began as a Demonspawn Warper on Jan 30, 2022.
             Mangled by Pikel (16 damage)
             ... on level 4 of the Dungeon.
             The game lasted 00:02:23 (3070 turns).

frimble the Cutter (Demonspawn Warper)              Turns: 3070, Time: 00:02:24

Health: -6/38      AC:  7    Str: 11    XL:     5   Next: 22%
Magic:  8/8        EV: 14    Int: 16    God:
Gold:   4          SH:  5    Dex: 13    Spells: 6/8 levels left

rFire   . . .      SeeInvis .   p - +3 short sword (freeze)
rCold   . . .      Faith    .   (no shield)
rNeg    . . .      Spirit   .   f - +0 ring mail
rPois   .          Reflect  +   (no helmet)
rElec   .          Harm     .   (no cloak)
rCorr   .          Rampage  .   (no gloves)
Will    .....                   (no boots)
Stlth   +.........              g - amulet of reflection
HPRegen 0.12/turn               q - +4 ring of evasion
MPRegen 0.11/turn               (no ring)

@: mighty
A: hooves 2, molten scales 1
a: no special abilities


You were on level 4 of the Dungeon.
You visited 1 branch of the dungeon, and saw 4 of its levels.

You collected 67 gold pieces.
You spent 63 gold pieces at shops.

Inventory:

Hand Weapons
 a - a +0 short sword
 p - a +3 short sword of freezing (weapon)
Missiles
 d - 5 boomerangs of dispersal (quivered)
Armour
 f - a +0 ring mail (worn)
 r - a +0 buckler
Jewellery
 g - an amulet of reflection (around neck)
 q - a +4 ring of evasion (left hand)
Scrolls
 b - a scroll of enchant armour {unknown}
 c - a scroll of blinking
 e - 2 scrolls of fear {unknown}
 i - a scroll of holy word {unknown}
 k - 5 scrolls of teleportation {unknown}
 l - a scroll of silence {unknown}
 m - a scroll of amnesia {unknown}
 n - a scroll of vulnerability {unknown}
Potions
 h - a potion of might
 j - 3 potions of curing {unknown}
 o - a potion of lignification {unknown}


   Skills:
 - Level 2.0 Fighting
 + Level 4.7 Short Blades
 - Level 0.8 Throwing
 - Level 0.8 Armour
 - Level 1.7 Dodging
 + Level 0.0 Shields
 - Level 2.0 Spellcasting
 + Level 3.1 Translocations


You had 6 spell levels left.
You knew the following spells:

 Your Spells              Type           Power      Damage    Failure   Level
a - Blink                 Tloc           22%        N/A       21%         2

Your spell library contained the following spells:

 Spells                   Type           Power      Damage    Failure   Level
 Gell's Gravitas          Tloc           11%        N/A       38%         3
 Lesser Beckoning         Tloc           11%        N/A       38%         3
 Teleport Other           Tloc           11%        N/A       38%         3
 Manifold Assault         Tloc           11%        N/A       98%         5


Dungeon Overview and Level Annotations

Branches:
Dungeon (4/15)
 Temple: D:4-7

Altars:
Kikubaaqudgha

Shops:
D:4 *

Annotations:
D:4 Pikel


Innate Abilities, Weirdness & Mutations

You have hoof-like feet.
You are partially covered in molten scales. (AC +2)


Message History

Pikel is heavily wounded.
Pikel hits you with a +0 whip of electrocution.
You hit Pikel. You freeze Pikel.
Pikel is heavily wounded.
Pikel hits you with a +0 whip of electrocution.
You hit Pikel. You freeze Pikel.
Pikel is severely wounded.
You hit Pikel. You freeze Pikel.
Pikel is severely wounded.
You block Pikel's attack.
You hit Pikel. You freeze Pikel. Your kick misses Pikel.
Pikel is severely wounded.
Pikel misses you.
You hit Pikel but do no damage. You kick Pikel.
Pikel is severely wounded.
Pikel says, "I'm sure they'll be treated well, anyway."
Pikel closely misses you.
You barely miss Pikel.
Pikel is severely wounded.
Pikel hits you with a +0 whip of electrocution.
* * * LOW HITPOINT WARNING * * *
You closely miss Pikel. Your kick misses Pikel.
Pikel is severely wounded.
Pikel hits you with a +0 whip of electrocution.
* * * LOW HITPOINT WARNING * * *
You hit Pikel but do no damage. You kick Pikel, but do no damage.
Pikel is severely wounded.
Pikel hits you but does no damage.
You barely miss Pikel. Your kick misses Pikel.
Pikel is severely wounded.
Pikel hits you with a +0 whip of electrocution.
* * * LOW HITPOINT WARNING * * *
You hit Pikel. You freeze Pikel. You kick Pikel, but do no damage.
Pikel is almost dead.
A lemure comes into view.
It was a potion of might.
You feel very mighty all of a sudden.
The lemure shouts!
Pikel hits you but does no damage.
You are electrocuted!
You die...

.#.##.#..##..#
........5...K#
.#.####.∩.##.#
####...##K####
......†......)55#
##.#####.######5#
#.# #5# #.# #K#
#.# ###@##### ...
#.......# ...
#.###.#.#
#.###.#.#
#.##..#.#
#.##.##.# ####
#.##.##.# ..#
##.......# #.#
#.....####


You could see Pikel and 4 lemures.

Vanquished Creatures
  An iguana (D:3)
  6 adders
  3 gnolls (D:4)
  A worm (D:2)
  2 dart slugs
  4 ball pythons
  4 endoplasms
  3 giant cockroaches
  7 goblins
  2 hobgoblins (D:3)
  4 jackals (D:1)
  4 quokkas
  3 frilled lizards
  3 kobolds
  4 rats
51 creatures vanquished.

Notes
Turn   | Place    | Note
-------+----------+-------------------------------------------
     0 | D:1      | frimble the Demonspawn Warper began the quest for the Orb.
     0 | D:1      | Reached XP level 1. HP: 16/16 MP: 3/3
   123 | D:1      | Reached skill level 2 in Short Blades
   360 | D:1      | Gained mutation: You are partially covered in molten
                  | scales. (AC +2) [demonic ancestry]
   360 | D:1      | Reached XP level 2. HP: 20/22 MP: 5/5
   799 | D:2      | Reached skill level 3 in Short Blades
  1001 | D:2      | Gained mutation: You have large cloven feet. [demonic
                  | ancestry]
  1001 | D:2      | Reached XP level 3. HP: 6/27 MP: 6/6
  1244 | D:2      | Found an ancient bone altar of Kikubaaqudgha.
  1846 | D:2      | Reached skill level 4 in Short Blades
  1846 | D:2      | Gained mutation: You have hoof-like feet. [demonic
                  | ancestry]
  1846 | D:2      | Reached XP level 4. HP: 20/33 MP: 7/7
  2478 | D:3      | Learned a level 2 spell: Blink
  3004 | D:4      | Reached XP level 5. HP: 38/38 MP: 8/8
  3012 | D:4      | Found Veirujuwk's General Store.
  3030 | D:4      | Bought a +0 buckler for 63 gold pieces
  3031 | D:4      | Noticed a lemure
  3034 | D:4      | Noticed a lemure
  3035 | D:4      | Noticed a lemure
  3036 | D:4      | Noticed Pikel
  3069 | D:4      | Noticed a lemure
  3070 | D:4      | Mangled by Pikel

Illustrated notes

Levels and vault maps discovered:
D:1:      dpeg_arrival_radiant, layout_loops_cross
D:2:      minmay_angry_zag, layout_loops_cross, basic_altar, minmay_tromino_v7
D:3:      layout_basic
D:4:      layout_loops_cross, temple_pool_b, serial_shops,
          nicolae_shop_waterfront, shop, uniq_pikel, uniq_menkaure

Skill      XL: |  1  2  3  4 |
---------------+-------------+-----
Short Blades   | 2 3 4 |  4.7
Translocations | 3 |  3.1
Fighting       | |  2.0
Throwing       | |  0.8
Armour         | |  0.8
Dodging        | |  1.7
Spellcasting   | |  2.0

Action                   |  1- 3 |  4- 6 || total
-------------------------+-------+-------++-------
Melee: Short sword       |   135 |    68 ||   203
       Punch             |     1 |       ||     1
       Kick              |    11 |    19 ||    30
  Use: Potion            |       |     1 ||     1
 Stab: Sleeping          |     1 |       ||     1
Armor: Ring mail         |    51 |    10 ||    61
Dodge: Dodged            |    57 |    20 ||    77
Block: Other             |       |     7 ||     7

Table legend: (Time is in decaauts)
 A = Elapsed time spent in this place.
 B = Non-inter-level travel time spent in this place.
 C = Inter-level travel time spent in this place.
 D = Time resting spent in this place.
 E = Time spent auto-exploring this place.
 F = Levels seen in this place.
 G = Mean time per level.
                   A        B        C        D        E       F      G
               +--------+--------+--------+--------+--------+-----+--------+
         Total |   3052 |   2957 |     95 |      0 |   2550 |   4 |  763.0 |
       Dungeon |   3052 |   2957 |     95 |      0 |   2550 |   4 |  763.0 |
               +--------+--------+--------+--------+--------+-----+--------+

Top non-repeatable levels by time:
     D:2: 1588 daAuts
     D:1: 757 daAuts
     D:3: 598 daAuts
     D:4: 107 daAuts
